 Dungeon Crawl Stone Soup version 0.28-a0-627-g4e9751bbfc (webtiles) character file.

Game seed: 11505661299341750347

16 KristoblXynda the Slasher (level 2, 0/25 HPs)
             Began as a Draconian Gladiator on Oct 8, 2021.
             Slain by a jackal (3 damage)
             ... on level 1 of the Dungeon.
             The game lasted 00:00:31 (533 turns).

KristoblXynda the Slasher (Draconian Gladiator)      Turns: 533, Time: 00:00:32

Health: 0/25       AC:  4    Str: 16    XL:     2   Next: 37%
Magic:  2/2        EV: 12    Int:  8    God:
Gold:   20         SH:  0    Dex: 12    Spells: 1/1 levels left

rFire   . . .      SeeInvis .   a - +0 long sword
rCold   . . .      Faith    .   (no shield)
rNeg    . . .      Spirit   .   (armour unavailable)
rPois   +          Reflect  .   b - +0 hat
rElec   .          Harm     .   (no cloak)
rCorr   .          Rampage  .   (no gloves)
Will    .....                   (no boots)
Stlth   +.........              (no amulet)
HPRegen 0.08/turn               g - ring of poison resistance
MPRegen 0.08/turn               (no ring)

@: no status effects
A: AC +4, unfitting armour, cold-blooded
a: no special abilities


You were on level 1 of the Dungeon.
You visited 1 branch of the dungeon, and saw 1 of its levels.

You collected 20 gold pieces.

Inventory:

Hand Weapons
 a - a +0 long sword (weapon)
Missiles
 c - 3 throwing nets (quivered)
Armour
 b - a +0 hat (worn)
Jewellery
 g - a ring of poison resistance (left hand)
Scrolls
 d - a scroll of fog {unknown}
 e - a scroll of vulnerability {unknown}
 f - a scroll of magic mapping {unknown}


   Skills:
 + Level 2.5 Fighting
 * Level 3.2 Long Blades
 - Level 2.0 Throwing
 + Level 2.9 Dodging


You had one spell level left.
You didn't know any spells.
Your spell library was empty.

Dungeon Overview and Level Annotations

Branches:
Dungeon (1/15)

Altars:

Shops:
D:1 *


Innate Abilities, Weirdness & Mutations

Your plain brown scales are hard. (AC +4)
You cannot fit into any form of body armour.
You are cold-blooded and may be slowed by cold attacks.


Message History

You are too injured to fight recklessly!
Unknown command.
You are too injured to fight recklessly!
You are too injured to fight recklessly!
You are too injured to fight recklessly!
The jackal barely misses you.
You are too injured to fight recklessly!
You are too injured to fight recklessly!
You are too injured to fight recklessly!
You are too injured to fight recklessly!
You are too injured to fight recklessly!
You are too injured to fight recklessly!
You are too injured to fight recklessly!
You are too injured to fight recklessly!
You are too injured to fight recklessly!
You are too injured to fight recklessly!
You are too injured to fight recklessly!
You are too injured to fight recklessly!
You are too injured to fight recklessly!
You are too injured to fight recklessly!
You are too injured to fight recklessly!
You barely miss the jackal.
Your tail-slap misses the jackal.
The jackal completely misses you.
The jackal bites you but does no damage.
You miss the jackal. The jackal bites you. The jackal barely misses you.
You hit the jackal.
The jackal is almost dead.
The jackal bites you but does no damage.
You closely miss the jackal.
The jackal is almost dead.
The jackal bites you.
* * * LOW HITPOINT WARNING * * *
The jackal bites you.
* * * LOW HITPOINT WARNING * * *
You closely miss the jackal.
The jackal is almost dead.
The jackal bites you.
* * * LOW HITPOINT WARNING * * *
The jackal bites you.
You die...

##.#.## ##.#.##.#...#...
###.## ##.###.#.......
##.#.## ##.#.##.#.......
#.###.# #.###.#.#....)..
.####.### ###.####..#†......
........###.......w.')......
.####.##.#.##.####l##.w.....
#.###.###.###.###h## .......
##.##.##.#[##.##@## ......>
###.#.#.###.#.#.## ...#...
.###...#####.(.## #### ##
.####.........##
..###'#######'#####
..##.......#....>.##
..##.......###.....#
..##(......# ##....#
..##.......####....#


You could see a dart slug, a jackal and a frilled lizard.

Vanquished Creatures
  A dart slug (D:1)
  2 bats (D:1)
  An endoplasm (D:1)
  A goblin (D:1)
  A jackal (D:1)
  2 quokkas (D:1)
  3 ball pythons (D:1)
  2 rats (D:1)
13 creatures vanquished.

Notes
Turn   | Place    | Note
-------+----------+-------------------------------------------
     0 | D:1      | KristoblXynda the Draconian Gladiator began the quest for
                  | the Orb.
     0 | D:1      | Reached XP level 1. HP: 17/17 MP: 1/1
   268 | D:1      | Reached XP level 2. HP: 25/25 MP: 2/2
   276 | D:1      | Found Wuiradu's Assorted Antiques.
   457 | D:1      | Found a faded altar of an unknown god.
   533 | D:1      | Slain by a jackal

Illustrated notes

Levels and vault maps discovered:
D:1:      roderic_octagonal_star, layout_rooms, serial_shops,
          nicolae_shop_behind_doors, basic_ecumenical_altar,
          minmay_misc_feat_tiny, chequers_serial_rivers_small_a

Skill      XL: |  1 |
---------------+----+-----
Throwing       | 2 |  2.0
Fighting       | |  2.5
Long Blades    | |  3.2
Dodging        | |  2.9

Action                   || total
-------------------------++-------
Melee: Long sword        ||    38
       Tailslap          ||     3
 Stab: Sleeping          ||     1
Armor: Skin              ||    19
Dodge: Dodged            ||    30

Table legend: (Time is in decaauts)
 A = Elapsed time spent in this place.
 B = Non-inter-level travel time spent in this place.
 C = Inter-level travel time spent in this place.
 D = Time resting spent in this place.
 E = Time spent auto-exploring this place.
 F = Levels seen in this place.
 G = Mean time per level.
                   A        B        C        D        E       F      G
               +--------+--------+--------+--------+--------+-----+--------+
         Total |    542 |    542 |      0 |      0 |    448 |   1 |  542.0 |
       Dungeon |    542 |    542 |      0 |      0 |    448 |   1 |  542.0 |
               +--------+--------+--------+--------+--------+-----+--------+

Top non-repeatable levels by time:
     D:1: 542 daAuts
